 Dungeon Crawl Stone Soup version 0.25.0-26-g0c896c7088 (webtiles) character file.

Game seed: 2391192958100438146

142 Gatuga the Shield-Bearer (level 5, -1/46 HPs)
             Began as a Minotaur Fighter on July 3, 2020.
             Slain by an iguana (5 damage)
             ... on level 4 of the Dungeon.
             The game lasted 00:12:39 (1445 turns).

Gatuga the Shield-Bearer (Minotaur Fighter)         Turns: 1445, Time: 00:12:40

Health: -1/46      AC:  8    Str: 21    XL:     5   Next: 3%
Magic:  4/4        EV:  8    Int:  5    God:
Gold:   208        SH:  9    Dex: 10    Spells: 4/4 levels left

rFire    + . .     SeeInvis .   a - +0 long sword
rCold    + . .     Gourm    .   c - +0 kite shield
rNeg     . . .     Faith    .   b - +0 scale mail
rPois    .         Spirit   .   (helmet restricted)
rElec    .         Reflect  .   e - scarf {rC+ rF+}
rCorr    .         Harm     .   (no gloves)
MR       .....                  o - +0 pair of boots
Stlth    ..........             (no amulet)
HPRegen  0.15/turn              (no ring)
MPRegen  0.09/turn              (no ring)

@: lethally poisoned (-1 -> -2)
A: retaliatory headbutt, horns 2
a: no special abilities


You were on level 4 of the Dungeon.
You were not hungry.

You visited 1 branch of the dungeon, and saw 4 of its levels.

You collected 208 gold pieces.

Inventory:

Hand Weapons
 a - a +0 long sword (weapon)
Missiles
 r - 5 javelins (quivered)
Armour
 b - a +0 scale mail (worn)
 c - a +0 kite shield (worn)
 e - a scarf of resistance (worn)
 o - a +0 pair of boots (worn)
Jewellery
 k - an uncursed amulet of regeneration {unknown}
 u - an uncursed ring of resist corrosion {unknown}
Wands
 p - a wand of enslavement (9)
Scrolls
 i - a scroll of remove curse
 j - 3 scrolls of teleportation
 l - a scroll of fog
Potions
 d - a potion of might
 h - a potion of curing
 m - a potion of brilliance {unknown}
 t - a potion of magic {unknown}
Comestibles
 f - 6 rations
 g - 2 chunks of flesh


   Skills:
 + Level 4.3 Fighting
 + Level 4.0 Long Blades
 + Level 4.2 Armour
 + Level 1.6 Dodging
 + Level 4.7 Shields


You had 4 spell levels left.
You didn't know any spells.
Your spell library was empty.

Dungeon Overview and Level Annotations

Branches:
Dungeon (4/15)
 Temple: D:4-7

Altars:
Elyvilon
Trog
Wu Jian

Annotations:
D:3 Grinder


Innate Abilities, Weirdness & Mutations

You reflexively headbutt those who attack you in melee.
You have a pair of horns on your head.


Message History

The worker ant bites you but does no damage.
You feel sick.
You feel sick. You block the worker ant's attack.
You feel sick. The worker ant bites you.
* * * LOW HITPOINT WARNING * * *
You feel sick.
You barely miss the worker ant. Your headbutt misses the worker ant.
The worker ant bites you but does no damage.
The worker ant waves its antennae.
The worker ant barely misses you. You furiously retaliate!
You headbutt the worker ant, but do no damage.
You completely miss the worker ant. The worker ant bites you.
* * * LOW HITPOINT WARNING * * *
You closely miss the worker ant. Your headbutt misses the worker ant.
You hear the hiss of a very distant avalanche of sand.
You feel sick.
The worker ant bites you but does no damage.
The iguana bites you.
You die...

##.###. . ########### #... .#.
#.......... ._. ... ##.....###..
... #.# ##..........# #.# #.#
#####......#.##.. #.###.#
#.###l....#....(.##.# ##
#.....####...@a###..>......... #.
#####...........#.......###... #.
#...........##................
#.####....................[##....
#§§##............................
##<#..#......^..##.#..........)..
§.....#............####.##..#....
§.....###.#...###..# #....>.....
§.............# #.## ...##.#....


You could see an iguana and a worker ant.

Vanquished Creatures
  A worker ant (D:4)
  5 adders
  A worm (D:2)
  A dart slug (D:1)
  3 leopard geckos
  An orc (D:3)
  A giant cockroach (D:2)
  8 goblins
  7 hobgoblins
  9 jackals
  4 kobolds
  2 quokkas
  A ball python (D:1)
  9 bats
  5 frilled lizards (D:2)
  5 rats
63 creatures vanquished.

Notes
Turn   | Place    | Note
-------+----------+-------------------------------------------
     0 | D:1      | Gatuga the Minotaur Fighter began the quest for the Orb.
     0 | D:1      | Reached XP level 1. HP: 19/19 MP: 0/0
     7 | D:1      | Noticed an electric eel
   110 | D:1      | Reached XP level 2. HP: 25/27 MP: 1/1
   414 | D:1      | Reached XP level 3. HP: 33/33 MP: 2/2
   693 | D:2      | Found a white marble altar of Elyvilon.
   935 | D:3      | Reached XP level 4. HP: 39/40 MP: 3/3
   966 | D:3      | Reached skill level 1 in Dodging
  1206 | D:3      | Noticed Grinder
  1218 | D:3      | Paralysed by Grinder for 6 turns
  1232 | D:3      | Paralysed by Grinder for 6 turns
  1325 | D:4      | Found a bloodstained altar of Trog.
  1355 | D:4      | Reached XP level 5. HP: 14/46 MP: 4/4
  1377 | D:4      | Found an ornate altar of the Wu Jian Council.
  1445 | D:4      | Slain by an iguana

Illustrated notes

Levels and vault maps discovered:
D:1:      arrival_aquarium_a, layout_rooms, minmay_pentomino_s4
D:2:      layout_rooms, lemuel_crystal_altar
D:3:      minmay_bubble_buster, layout_basic, nemelex_spade_bored_becter,
          uniq_grinder, uniq_terence
D:4:      layout_rooms, nicolae_overflow_crystal_walls, lemuel_doored_altar,
          first_ration, nicolae_ossuary_entry_catacombs, serial_shops,
          kennysheep_mini_moat

Skill      XL: |  1  2  3  4 |
---------------+-------------+-----
Fighting       | 4 |  4.3
Shields        | 4 |  4.7
Long Blades    | 3 4 |  4.0
Armour         | 4 |  4.2
Dodging        | 1 |  1.6

Action                   |  1- 3 |  4- 6 || total
-------------------------+-------+-------++-------
Melee: Long sword        |   118 |    60 ||   178
       Headbutt          |    15 |     7 ||    22
  Use: Scroll            |       |     6 ||     6
       Potion            |       |     3 ||     3
  Eat: Chunk             |       |     2 ||     2
Armor: Scale mail        |    59 |    29 ||    88
       Skin              |       |     4 ||     4
Dodge: Dodged            |    38 |    19 ||    57
Block: Kite shield       |    78 |    36 ||   114
       Rpst.: Long sword |     8 |     2 ||    10
